 Dungeon Crawl Stone Soup version 0.25-a0-528-g6b7c99946c (webtiles) character file.

Game seed: 15135066354413748104, levelgen mode: deterministic

651 vurker the Gusty (level 7, -9/40 HPs)
             Began as a Tengu Air Elementalist on Feb 20, 2020.
             Killed from afar by Dowan (20 damage)
             ... with a shard of ice
             ... on level 4 of the Dungeon.
             The game lasted 00:06:26 (5119 turns).

vurker the Gusty (Tengu Air Elementalist)           Turns: 5119, Time: 00:06:26

Health: -9/40      AC:  5    Str:  8    XL:     7   Next: 53%
Magic:  3/15       EV: 15    Int: 18    God:
Gold:   174        SH:  0    Dex: 14    Spells: 5/15 levels left

rFire    . . .     SeeInvis .   c - +0 dagger
rCold    . . .     Gourm    .   (no shield)
rNeg     + . .     Faith    .   a - +0 robe
rPois    .         Spirit   .   (helmet restricted)
rElec    .         Reflect  .   q - +2 cloak
rCorr    +         Harm     .   (no gloves)
MR       .....                  (boots unavailable)
Stlth    ++........             u - amulet of magic regeneration
HPRegen  0.13/turn              g - ring of positive energy
MPRegen  0.39/turn              j - ring of resist corrosion

@: flying quickly and evasively, quick
A: beak, talons 3, able to fly
a: Stop Flying


You were on level 4 of the Dungeon.
You were not hungry.

You visited 1 branch of the dungeon, and saw 4 of its levels.
You also visited: Ossuary.

You collected 174 gold pieces.

Inventory:

Hand Weapons
 c - a +0 dagger (weapon)
   (You took it off a goblin on level 1 of the Dungeon)
Armour
 a - a +0 robe (worn)
 q - a +2 cloak (worn)
   (You found it on level 3 of the Dungeon)
Jewellery
 g - a ring of positive energy (left hand)
   (You found it on level 1 of the Dungeon)
 j - a ring of resist corrosion (right hand)
   (You found it on level 1 of the Dungeon)
 u - an amulet of magic regeneration (around neck)
   (You found it in an ossuary)
Scrolls
 d - 11 scrolls of identify {unknown}
 f - 5 scrolls of teleportation {unknown}
 k - 4 scrolls of remove curse {unknown}
 m - a scroll of enchant armour {unknown}
 o - a scroll of immolation {unknown}
 p - a scroll of fear {unknown}
 r - 2 scrolls of magic mapping {unknown}
 x - a scroll of fog {unknown}
Potions
 b - 2 potions of curing {unknown}
 h - 2 potions of flight {unknown}
 i - a potion of haste {unknown}
 l - a potion of magic {unknown}
 n - a potion of berserk rage {unknown}
 s - 4 potions of heal wounds
 t - a potion of stabbing {unknown}
 v - 3 potions of ambrosia {unknown}
 w - a potion of brilliance {unknown}
Comestibles
 e - 7 rations


   Skills:
 + Level 2.8 Fighting
 - Level 2.1 Dodging
 - Level 2.0 Stealth
 * Level 4.6 Spellcasting
 + Level 4.2 Conjurations
 * Level 7.2 Air Magic


You had 5 spell levels left.
You knew the following spells:

 Your Spells              Type           Power        Failure   Level  Hunger
a - Shock                 Conj/Air       ###.         1%          1    None
b - Lightning Bolt        Conj/Air       ###.......   36%         5    ######.
c - Airstrike             Air            ####......   7%          4    ####...

Your spell library contained the following spells:

 Spells                   Type           Power        Failure   Level  Hunger
 Swiftness                Chrm/Air       ###.....     4%          2    #......
 Static Discharge         Conj/Air       ###.....     4%          3    ###....


Dungeon Overview and Level Annotations

Branches:
Dungeon (4/15)            Ossuary (visited)
 Temple: D:4-7

Altars:
Fedhas
Kikubaaqudgha
Nemelex Xobeh

Annotations:
D:4 Dowan


Innate Abilities, Weirdness & Mutations

You have a beak for a mouth.
You have claws for feet.
You can fly continuously.


Message History

You don't have enough magic to cast that spell.
You don't have enough magic to cast that spell.
Aim: Duvessa, wielding a +0 rapier and wearing a +0 ring mail (severely wounded)
The zap hits Duvessa!
Duvessa barely misses you.
Aim: Duvessa, wielding a +0 rapier and wearing a +0 ring mail (almost dead)
The zap hits Duvessa.
You kill Duvessa!
Dowan screams, "No!
No!"
Dowan seems to find hidden reserves of power!
Dowan gestures at you while chanting. The shard of ice misses you.
Aim: Dowan, wielding a +0 dagger and wearing a +0 robe (fast)
The zap hits Dowan.
Dowan casts a spell at you. The shard of ice hits you!
Aim: Dowan, wielding a +0 dagger and wearing a +0 robe (moderately wounded, fast)
The zap misses Dowan.
The zap hits Dowan!
Dowan says, "Magic will overcome all!"
Dowan drinks a potion.
Dowan is healed!
You don't have enough magic to cast that spell.
You aren't carrying any items that you can evoke.
Unknown command.
You hit Dowan. Dowan closely misses you. Dowan completely misses you.
You hit Dowan. You peck Dowan. Dowan gestures at you while chanting.
The stone arrow hits you!
* * * LOW HITPOINT WARNING * * *
Dowan hits you with a +0 dagger.
* * * LOW HITPOINT WARNING * * *
You closely miss Dowan. Your kick misses Dowan. Your peck misses Dowan.
Dowan closely misses you.
You don't have enough magic to cast that spell.
You hit Dowan but do no damage. You claw Dowan. You peck Dowan.
Dowan hits you but does no damage. Dowan misses you.
You hit Dowan. Dowan barely misses you.
You closely miss Dowan. Dowan misses you. Dowan completely misses you.
You closely miss Dowan. You claw Dowan. Dowan gestures at you while chanting.
The shard of ice misses you.
You hit Dowan but do no damage. Your kick misses Dowan. Your peck misses Dowan.
Dowan hits you but does no damage. Dowan barely misses you.
Aim: Dowan, wielding a +0 dagger and wearing a +0 robe (heavily wounded, fast)
The zap hits Dowan.
Dowan hits you with a +0 dagger.
* * * LOW HITPOINT WARNING * * *
Aim: Dowan, wielding a +0 dagger and wearing a +0 robe (severely wounded, fast)
The zap hits Dowan!
Dowan hits you but does no damage. Dowan gestures at you while chanting.
The shard of ice hits you!!
Ouch! That really hurt!
You die...

+######..#...+...
. #..#...#... ..
#..##..# ..
...#### #..##..#
....... #...#
#....#+######...#
#....#.....##..##
#...)e.....##..#
#....#@........#
#....#.........#
#....#########+#
##... #... #...
#...


You could see Dowan.

Vanquished Creatures
  Duvessa (D:4)
  2 centaur zombies (Ossuary)
  A worker ant (D:3)
  A killer bee zombie (Ossuary)
  15 mummies (Ossuary)
  A worker ant zombie (Ossuary)
  A howler monkey zombie (Ossuary)
  3 gnolls
  An adder (D:3)
  An adder zombie (Ossuary)
  A worm (D:1)
  2 dart slugs (D:2)
  2 leopard geckos
  11 orcs
  5 giant cockroaches (D:1)
  15 goblins
  7 hobgoblins
  2 jackals (D:2)
  2 ball pythons
  9 bats
  5 frilled lizards
  2 jackal zombies (Ossuary)
  5 kobolds
  2 leopard gecko zombies (Ossuary)
  A quokka zombie (Ossuary)
  7 rats
105 creatures vanquished.

Vanquished Creatures (others)
  4 toadstools (D:1)
  A withered plant (Ossuary)
5 creatures vanquished.

Grand Total: 110 creatures vanquished

Notes
Turn   | Place    | Note
-------+----------+-------------------------------------------
     0 | D:1      | vurker the Tengu Air Elementalist began the quest for the
                  | Orb.
     0 | D:1      | Reached XP level 1. HP: 10/10 MP: 4/4
   214 | D:1      | Reached XP level 2. HP: 15/15 MP: 1/6
   632 | D:1      | Reached XP level 3. HP: 14/20 MP: 1/7
  1224 | D:2      | Reached skill level 1 in Fighting
  1261 | D:1      | Reached XP level 4. HP: 7/25 MP: 1/9
  1286 | D:1      | HP: 1/25 [worm (3)]
  1700 | D:2      | Reached skill level 5 in Air Magic
  1771 | D:2      | Found an ancient bone altar of Kikubaaqudgha.
  2576 | D:3      | Gained mutation: You can fly continuously. [Tengu growth]
  2576 | D:3      | Reached XP level 5. HP: 29/29 MP: 2/10
  2825 | D:3      | Found a blossoming altar of Fedhas.
  2965 | D:3      | Found a sparkling altar of Nemelex Xobeh.
  3171 | D:2      | Learned a level 5 spell: Lightning Bolt
  3176 | D:2      | Learned a level 4 spell: Airstrike
  3563 | D:4      | Found a sand-covered staircase.
  3572 | Ossuary  | Entered an ossuary
  3780 | Ossuary  | Reached XP level 6. HP: 18/35 MP: 8/12
  3794 | Ossuary  | Reached skill level 6 in Air Magic
  4668 | Ossuary  | Reached XP level 7. HP: 34/40 MP: 10/14
  4872 | Ossuary  | Reached skill level 7 in Air Magic
  5099 | D:4      | Noticed Duvessa
  5099 | D:4      | Noticed Dowan
  5106 | D:4      | Killed Duvessa
  5119 | D:4      | Killed from afar by Dowan

Levels and vault maps discovered:
D:1:      mrwooster_arrival_statue_3, layout_rooms, minmay_gold_behind_fungi,
          palyth_stone_intersect
D:2:      layout_loops_ring, kiku_gazebo_pond_becter
D:3:      layout_loops_ring, nemelex_xobeh_ov_fountains_minmay, first_ration,
          fedhas_altar_1
D:4:      layout_gridville, enter_ossuary_3, okawaru_ov_weapons_minmay,
          uniq_duvessa, uniq_natasha

Skill      XL: |  1  2  3  4  5  6  7 |
---------------+----------------------+-----
Conjurations   | 2 3 4 |  4.2
Fighting       | 1 2 |  2.8
Spellcasting   | 3 4 |  4.6
Air Magic      | 5 6 7 |  7.2
Dodging        | |  2.1
Stealth        | |  2.0

Action                   |  1- 3 |  4- 6 |  7- 9 || total
-------------------------+-------+-------+-------++-------
Melee: Peck              |     2 |     3 |     3 ||     8
       Unarmed           |     1 |       |       ||     1
       Dagger            |    11 |    16 |    15 ||    42
       Kick              |     1 |     3 |     6 ||    10
 Cast: Shock             |    67 |   173 |    37 ||   277
       Airstrike         |       |     1 |     3 ||     4
 Abil: Fly               |       |     1 |       ||     1
  Eat: Chunk             |     2 |     7 |       ||     9
       Ration            |       |     1 |     1 ||     2
Armor: Robe              |     5 |     6 |     5 ||    16
Dodge: Dodged            |    14 |    30 |    16 ||    60

Table legend:
 A = Non-vault XP
 B = Vault XP
 C = Vault XP percentage of total XP
 D = Non-vault monster count
 E = Vault monster count
 F = Vault count percentage of total count
                 A         B        C        D         E       F
            +---------+---------+-------+---------+---------+-------
      Total |     231 |     700 |  75.2 |      78 |      27 |  25.7
            +---------+---------+-------+---------+---------+-------
        D:1 |      66 |       0 |   0.0 |      31 |       0 |   0.0
        D:2 |      70 |       0 |   0.0 |      25 |       0 |   0.0
        D:3 |      91 |       0 |   0.0 |      20 |       0 |   0.0
        D:4 |       4 |     145 |  97.3 |       2 |       1 |  33.3
    Ossuary |       0 |     555 | 100.0 |       0 |      26 | 100.0
            +---------+---------+-------+---------+---------+-------
